 Dungeon Crawl Stone Soup version 0.20-a0-517-g5f97612 (webtiles) character file.

353207 HallandMoats the Peltast (level 21, -7/166 HPs)
             Began as a Demonspawn Fighter on Jan 24, 2017.
             Was the Champion of Okawaru.
             Killed from afar by a titan (27 damage)
             ... with a bolt of lightning
             ... on level 5 of the Vaults.
             The game lasted 02:17:07 (51889 turns).

HallandMoats the Peltast (Demonspawn Fighter)      Turns: 51889, Time: 02:17:07

Health: -7/166     AC: 40    Str: 27    XL:     21   Next: 33%
Magic:  43/46      EV: 17    Int:  8    God:    Okawaru [******]
Gold:   1237       SH: 14    Dex: 24    Spells: 29/44 levels left

rFire    . . .     SeeInvis .   a - +7 scimitar (flame)
rCold    . . .     Gourm    +   H - +5 crystal plate armour of Proximity {rC+ Int-3 Dex+5}
rNeg     . . .     Faith    .   k - +3 warlock's mirror {reflect}
rPois    +         Spirit   .   (no helmet)
rElec    .         Reflect  +   Z - +2 cloak {MR+}
rCorr    .         Harm     .   X - +0 pair of gloves "Vauperream" {+Blink rPois rC- Str+6}
MR       ++++.                  (boots unavailable)
Stlth    ..........             V - amulet of the gourmand
Regen    0.4/turn               L - ring "Napoeryv" {Wiz *Slow +Fly MR+ MP+9}
                                z - +4 ring of slaying

@: about to teleport, heroism, finesse, very slightly contaminated, slowed, very
slow
A: hooves 3, iridescent scales 3, agile 1, demonic guardian 3, magic resistance
1, spiny 2
}: 2/15 runes: barnacled, gossamer
a: Heroism, Finesse, Renounce Religion, Evoke Blink, Evoke Flight


You were on level 5 of the Vaults.
You worshipped Okawaru.
Okawaru was exalted by your worship.
You were very full.

You visited 7 branches of the dungeon, and saw 37 of its levels.
You visited 1 bazaar.
You also visited: Ice Cave.

You collected 3815 gold pieces.
You spent 2578 gold pieces at shops.

Inventory:

Hand Weapons
 a - a +7 scimitar of flaming (weapon)
 b - the +4 hand axe "Camohiut" {chop, +Rage Dex+7}
   (You found it on level 13 of the Dungeon)

   It inflicts extra damage upon your enemies.
   It affects your dexterity (+7).
   It lets you go berserk.
 M - the +5 great sword of the Warrior-Mage {slice, rF+ Int+3 Dex+3 Stlth+}
   (Okawaru gifted it to you on level 6 of the Lair of Beasts)

   It inflicts extra damage upon your enemies.
   It affects your intelligence (+3).
   It affects your dexterity (+3).
   It protects you from fire.
   It makes you more stealthy.
Armour
 d - +0 gold dragon scales
 k - the +3 warlock's mirror (worn) {reflect}
   (You bought it in a shop in a bazaar)
 x - the +5 shield of the Carpenter {rPois Dex+4}
   (You bought it in a shop on level 13 of the Dungeon)

   It affects your dexterity (+4).
   It protects you from poison.
 A - the +2 cloak of Maxearph {+Blink rC- rCorr Dex+4}
   (You acquired it on level 12 of the Dungeon)

   It affects your dexterity (+4).
   It makes you vulnerable to cold.
   It lets you blink.
   It protects you from acid and corrosion.
 H - the +5 crystal plate armour of Proximity (worn) {rC+ Int-3 Dex+5}
   (You found it in an ice cave)

   It affects your intelligence (-3).
   It affects your dexterity (+5).
   It protects you from cold.
 J - the +6 chain mail of the Spider Nest {rF+ Regen+}
   (Okawaru gifted it to you on level 15 of the Dungeon)

   It protects you from fire.
   It increases your rate of regeneration.
 X - the +0 pair of gloves "Vauperream" (worn) {+Blink rPois rC- Str+6}
   (Okawaru gifted it to you on level 4 of the Vaults)

   It affects your strength (+6).
   It makes you vulnerable to cold.
   It protects you from poison.
   It lets you blink.
 Z - a +2 cloak of magic resistance (worn)
Jewellery
 h - the ring "Ofoun" {Wiz rF+}
   (You found it on level 15 of the Dungeon)

   [ring of wizardry]

   It improves your spell success rate.
   It protects you from fire.
 i - an uncursed ring of positive energy
 p - the ring "Foptyq" {rF- EV+2 Dex+5}
   (You found it on level 2 of the Lair of Beasts)

   [ring of evasion]

   It affects your evasion (+2).
   It affects your dexterity (+5).
   It makes you vulnerable to fire.
 q - an uncursed ring of protection from cold
 z - a +4 ring of slaying (left hand)
 L - the ring "Napoeryv" (right hand) {Wiz *Slow +Fly MR+ MP+9}
   (You found it on level 15 of the Dungeon)

   [ring of wizardry]

   It improves your spell success rate.
   It affects your resistance to hostile enchantments.
   It affects your magic capacity (+9).
   It lets you fly.
   It may slow you when you take damage.
 R - an uncursed ring of protection from fire
 V - an amulet of the gourmand (around neck)
 W - the ring "Bobrukk" {Dex+4 SInv}
   (You found it on level 15 of the Dungeon)

   [ring of see invisible]

   It affects your dexterity (+4).
   It lets you see invisible.
 Y - an uncursed ring of poison resistance
Wands
 m - a wand of digging (10/24)
 Q - a wand of acid (8/15)
 S - a wand of clouds (5/9)
Scrolls
 c - a scroll of blinking
 e - 4 scrolls of fear
 j - 3 scrolls of fog
 o - a scroll of enchant weapon
 t - 25 scrolls of remove curse
 y - 3 scrolls of amnesia
 B - 3 scrolls of identify
 C - 10 scrolls of teleportation
 K - 3 scrolls of recharging
Potions
 l - 13 potions of curing
 r - 9 potions of brilliance
 s - 5 potions of resistance
 u - 4 potions of flight
 v - 5 potions of magic
 I - 4 potions of berserk rage
 O - a potion of heal wounds
 T - 2 potions of cancellation
 U - 2 potions of cure mutation
Miscellaneous
 w - a fan of gales
 E - a sack of spiders
 N - a crystal ball of energy
 P - a phantom mirror
Comestibles
 f - 29 bread rations
 n - 21 fruits
 F - 23 royal jellies
 G - 18 meat rations


   Skills:
 - Level 14.6(19.6) Fighting
 - Level 14.9(19.9) Long Blades
 - Level 10.3(15.3) Armour
 - Level 10.6(15.6) Dodging
 - Level 16.4(21.4) Shields
 + Level 12.1 Spellcasting
 * Level 9.2 Transmutations
 + Level 9.2 Air Magic
 * Level 9.3 Earth Magic
 - Level 9.3 Invocations
 - Level 11.7 Evocations


You had 29 spell levels left.
You knew the following spells:

 Your Spells              Type           Power        Failure   Level  Hunger
a - Tornado               Air            ###.......   100%        9    #######
b - Statue Form           Tmut/Erth      ###......    100%        6    #######


Dungeon Overview and Level Annotations

Branches:
Dungeon (15/15)            Temple (1/1) D:4            Lair (6/6) D:10
 Shoals (4/4) Lair:2       Spider (4/4) Lair:3        Slime (0/5) Lair:5
    Orc (2/2) D:11            Elf (0/3) Orc:2        Vaults (5/5) D:14
  Crypt (0/3) Vaults:2     Depths (0/5) D:15

Altars:
Ashenzari
Cheibriados
Dithmenos
Elyvilon
Fedhas
Gozag
Hepliaklqana
Kikubaaqudgha
Makhleb
Nemelex Xobeh
Okawaru
Qazlal
Ru
Trog
Uskayaw
Vehumet
Xom
Yredelemnul
Zin
The Shining One
Beogh

Shops:
D:8 *   D:10 *   D:13 [   D:15 :%?   Orc:1 (   Orc:2 ([*:   Shoals:1 }?**

Annotations:
D:10 exclusion: orange crystal statue
Abyss:1 Louise


Innate Abilities, Weirdness & Mutations

You have hooves in place of feet.
You are completely covered in iridescent scales. (AC +6)
A powerful demonic guardian rushes to your aid.
You are mostly covered in sharp spines.
You are agile. (Dex +2)
You are resistant to hostile enchantments. (MR+)


Message History

You kill the vault guard!
Okawaru accepts your kill. Something appears before you!
Okawaru grants you a gift! You block the titan's attack.
The ironbrand convoker points at the shadow dragon and mumbles some strange words.
The shadow dragon seems to grow stronger.
The tentacled monstrosity tentacle-slaps you but does no damage.
The tentacled monstrosity tentacle-slaps you!
* * * LOW HITPOINT WARNING * * *
The tentacled monstrosity closely misses you.
Your crystal plate armour of Proximity prevents you from hitting the titan.
You kick the titan, but do no damage.
The titan is moderately wounded.
The hellwing disappears in a puff of smoke!
The neqoxec gestures at you.
Something tries to feed on your intellect!
The titan casts a spell at you. The bolt of lightning hits you!
You die...

####....)...###
.......<<)...%.
......pp.<.....
.....D.<<......
....spe3)...... ############
####Dc.4e....##
...........######{Csep.......
#.......##Xep#..e...###
###......@CD##....#.#
##....))p###....#.# #....†))#
#....# # ##.......##....#
#.......# #.......#
##.......# #.......#
##......#


You could see 2 shadow dragons, a tentacled monstrosity, an ironheart preserver,
a titan, a golden dragon, a frost giant, a vault warden, a yaktaur captain, a
vault guard, a deep elf sorcerer, a wolf spider, a vault sentinel, a deep elf
archer, 2 ironbrand convokers, 2 deep elf magi, a neqoxec, a chaos spawn and a
redback.

Vanquished Creatures
  A golden dragon (Vaults:5)
  Arachne (Spider:3)
  2 liches (Vaults:5)
  Asterion (Spider:4)
  A sphinx (Vaults:1)
  A kraken (Shoals:1)
  Donald (Shoals:4)
  Ilsuiw (Shoals:4)
  The ghost of ktulu8bugs the Geomancer, a journeyman FoEE of Ashenzari (Lair:6)
  A tengu reaver (Vaults:5)
  2 fire giants
  An orc warlord (Orc:2)
  7 vault wardens
  A deep elf sorcerer (Vaults:3)
  6 emperor scorpions
  2 frost giants
  6 ghost moths
  6 ironheart preservers
  8 stone giants
  A very ugly thing (Vaults:2)
  4 entropy weavers
  A war gargoyle (Vaults:2)
  A deep elf demonologist (Vaults:4)
  Azrael (D:12)
  A spark wasp (Spider:2)
  2 merfolk javelineers (Shoals:4)
  A deep elf death mage (Vaults:3)
  6 yaktaur captains
  The ghost of 0nlyNaCj the Covert, a journeyman NaCj of Vehumet (Lair:1)
  14 merfolk impalers
  2 great orbs of eyes
  2 fire dragons
  Harold (Lair:4)
  An ice dragon (Vaults:2)
  3 rakshasas (Vaults:1)
  25 vault guards
  7 hydras
  Erica (D:8)
  2 catoblepae
  A merfolk avatar (Shoals:2)
  A death knight (Vaults:4)
  A satyr (Shoals:3)
  10 centaur warriors
  8 merfolk aquamancers
  3 deep troll shamans
  4 death yaks
  10 ogre magi
  27 two-headed ogres
  4 deep troll earth magi
  A satyr (shapeshifter) (Vaults:2)
  A vampire mage (Vaults:2)
  3 orc high priests (Orc:2)
  Nergalle (Lair:2)
  5 deep elf knights
  A shadow wraith (Vaults:3)
  10 skeletal warriors
  7 unseen horrors
  An unseen horror (shapeshifter) (D:15)
  10 sea snakes
  A flayed ghost (Vaults:1)
  A glowing orange brain (Vaults:4)
  A phantasmal warrior (Vaults:3)
  6 deep elf archers
  10 ironbrand convokers
  A lindwurm (Lair:4)
  8 deep trolls
  21 harpies
  21 orc knights
  A harpy (shapeshifter) (Vaults:2)
  A necromancer (Vaults:2)
  7 orc sorcerers
  10 orb spiders
  27 wolf spiders
  10 cyclopes
  22 ugly things
  14 manticores
  7 fauns
  A moth of wrath (Spider:4)
  A cyclops (shapeshifter) (Vaults:1)
  15 deep elf magi
  2 oklob plants (Shoals:1)
  2 merfolk sirens
  A black mamba (shapeshifter) (D:15)
  3 black mambas
  12 elephants
  10 vault sentinels
  Joseph (D:10)
  2 water nymphs
  An ice statue (IceCv)
  A torpor snail (Spider:4)
  A gargoyle (D:12)
  6 spiny frogs
  6 kobold demonologists
  2 rime drakes
  9 freezing wraiths
  A komodo dragon (shapeshifter) (Vaults:4)
  6 komodo dragons
  An efreet (D:12)
  15 demonic crawlers
  34 yaktaurs
  A yaktaur skeleton (Vaults:2)
  3 tengu conjurers
  11 trolls
  A harpy zombie (D:15)
  3 wind drakes (Shoals:4)
  A queen bee (Lair:2)
  32 merfolk
  18 polar bears
  2 meliai
  A jumping spider (shapeshifter) (Vaults:1)
  13 jumping spiders
  A sphinx simulacrum (Vaults:2)
  A wind drake (shapeshifter) (Vaults:2)
  A harpy skeleton (D:15)
  11 hornets
  18 blink frogs
  4 dream sheep
  6 hippogriffs
  A frost giant simulacrum (Vaults:1)
  16 slime creatures
  A dream sheep (shapeshifter) (Vaults:1)
  4 snapping turtles
  A hippogriff (shapeshifter) (Vaults:1)
  A meliai zombie (D:13)
  15 water elementals
  15 spriggans
  2 shadows (D:15)
  3 vampires (Vaults:2)
  95 redbacks
  35 yaks
  3 fire elementals (D:12)
  24 tarantellas
  6 wyverns
  3 hogs (D:15)
  2 wraiths (D:15)
  A basilisk (shapeshifter) (Vaults:2)
  2 basilisks
  3 hungry ghosts
  4 vampire mosquitoes (D:14)
  A redback simulacrum (D:15)
  6 wargs
  Edmund (D:6)
  6 acid dragons
  A soldier ant (shapeshifter) (Vaults:2)
  3 porcupines
  A floating eye (shapeshifter) (D:14)
  2 hell hounds (D:12)
  20 water moccasins
  3 floating eyes (D:15)
  A human zombie (Vaults:2)
  55 orc warriors
  6 ice beasts
  5 phantoms
  6 sky beasts
  5 black bears
  28 ogres
  39 wolves
  2 eyes of draining
  4 boggarts (Lair:6)
  18 centaurs
  An orc skeleton (Vaults:2)
  An elf skeleton (Vaults:2)
  8 crocodiles
  7 big kobolds
  18 bullfrogs
  A wyvern zombie (D:11)
  2 gnoll sergeants
  5 scorpions
  32 killer bees
  A human simulacrum (Vaults:2)
  7 wights
  6 howler monkeys
  A vampire bat (Lair:1)
  7 electric eels
  5 crimson imps
  A quasit (D:7)
  A wyvern simulacrum (D:11)
  4 centaur zombies
  2 bullfrog zombies (D:12)
  5 centaur skeletons
  5 jellies
  10 hounds
  22 orc priests
  A bullfrog skeleton (D:11)
  3 iguanas
  28 orc wizards
  16 worker ants
  3 small abominations (D:13)
  4 bullfrog simulacra
  2 hound zombies
  A howler monkey zombie (D:5)
  9 gnolls
  14 adders
  A river rat (D:10)
  A shadow imp (D:10)
  14 white imps (D:11)
  2 oozes
  An adder skeleton (D:6)
  A worm (D:5)
  3 dart slugs
  7 leopard geckos
  128 orcs
  3 giant cockroaches
  12 goblins
  3 hobgoblins
  5 jackals
  5 quokkas
  3 ball pythons
  12 bats
  7 frilled lizards
  19 kobolds
  A leopard gecko skeleton (D:5)
  A quokka zombie (D:8)
  11 rats
  2 plants (Shoals:1)
  2 tentacles (Shoals:1)
1593 creatures vanquished.

Vanquished Creatures (collateral kills)
  Jorgrun (Vaults:2)
  A sphinx (Vaults:4)
  Kirke (D:15)
  The ghost of xodahs the Warrior, a journeyman OgWz of Vehumet (Lair:6)
  A frost giant (IceCv)
  2 deep elf sorcerers
  An emperor scorpion (Spider:4)
  5 vault wardens
  4 ironheart preservers
  3 very ugly things (Vaults:2)
  A merfolk javelineer (Shoals:4)
  2 yaktaur captains
  2 ogre magi
  An ice dragon (Vaults:3)
  A hydra (D:13)
  8 vault guards
  A merfolk avatar (Shoals:4)
  11 two-headed ogres
  A tengu warrior (D:15)
  A satyr (Shoals:2)
  4 centaur warriors
  A deep elf knight (Vaults:3)
  A skeletal warrior (D:15)
  2 deep trolls (Vaults:2)
  2 sea snakes
  An unseen horror (D:15)
  2 wizards (Vaults:3)
  2 glowing orange brains
  7 harpies
  A deep elf archer (D:15)
  A phantasmal warrior (Vaults:5)
  An ironbrand convoker (Vaults:1)
  6 deep elf magi
  12 ugly things
  3 manticores
  An orc knight (D:15)
  3 cyclopes
  2 fauns
  4 orb spiders
  9 elephants
  2 merfolk sirens
  A demonic crawler (Spider:1)
  9 yaktaurs
  A meliai (shapeshifter) (D:13)
  A troll (Vaults:1)
  3 polar bears
  A meliai (D:13)
  2 jumping spiders (Spider:3)
  5 merfolk
  A blink frog (Lair:6)
  A raiju (shapeshifter) (Vaults:1)
  2 slime creatures
  A dream sheep (Lair:6)
  6 redbacks
  3 tarantellas
  A water elemental (Shoals:4)
  Sigmund (D:6)
  15 yaks
  A spriggan (Lair:6)
  2 hogs (D:15)
  An acid dragon (D:15)
  2 floating eyes
  9 orc warriors
  A black bear (Lair:6)
  A phantom (D:11)
  2 ice beasts
  A wolf (Lair:6)
  6 ogres
  2 big kobolds
  A howler monkey (D:8)
  A wight (D:11)
  3 orc priests (Orc:2)
  An orc wizard (D:12)
  A worker ant (D:13)
  2 gnolls (D:7)
  A hound simulacrum (D:11)
  A white imp (D:11)
  8 orcs
217 creatures vanquished.

Vanquished Creatures (others)
  A vault warden (Vaults:3)
  An ironheart preserver (Vaults:3)
  2 deep elf archers
  2 yaktaurs
  A demonic crawler (Spider:4)
  2 orc warriors
  A centaur (D:13)
  2 wolves (IceCv)
  8 fungi
  8 plants
  5 tentacles (Shoals:1)
33 creatures vanquished.

Grand Total: 1843 creatures vanquished

Notes
Turn   | Place    | Note
-------+----------+-------------------------------------------
     0 | D:1      | HallandMoats the Demonspawn Fighter began the quest for the Orb.
     0 | D:1      | Reached XP level 1. HP: 18/18 MP: 1/1
   138 | D:1      | Gained mutation: You are partially covered in sharp spines. [demonic ancestry]
   138 | D:1      | Reached XP level 2. HP: 22/24 MP: 2/2
   174 | D:1      | Reached skill level 1 in Dodging
   534 | D:1      | Reached XP level 3. HP: 26/29 MP: 3/3
  1119 | D:2      | Reached XP level 4. HP: 35/35 MP: 4/4
  1834 | D:3      | Noticed an ogre
  1855 | D:3      | Killed an ogre
  1855 | D:3      | Gained mutation: You are partially covered in iridescent scales. (AC +2) [demonic ancestry]
  1855 | D:3      | Reached XP level 5. HP: 6/42 MP: 5/5
  2730 | D:3      | Reached XP level 6. HP: 24/48 MP: 6/6
  2980 | D:3      | Found a white marble altar of Elyvilon.
  2981 | D:3      | Found a glowing silver altar of Zin.
  2983 | D:3      | Found a glowing golden altar of the Shining One.
  3236 | D:4      | Noticed a two-headed ogre
  3255 | D:5      | Entered Level 5 of the Dungeon
  3361 | D:5      | Reached skill level 1 in Evocations
  3638 | D:5      | Found a white marble altar of Elyvilon.
  4058 | D:4      | Gained mutation: A weak demonic guardian rushes to your aid. [demonic ancestry]
  4058 | D:4      | Reached XP level 7. HP: 51/54 MP: 7/9
  4079 | D:4      | Reached skill level 5 in Evocations
  4137 | D:4      | Found a staircase to the Ecumenical Temple.
  4211 | Temple   | Entered the Ecumenical Temple
  4602 | Temple   | Became a worshipper of Warmaster Okawaru
  4824 | D:4      | Killed a two-headed ogre
  4824 | D:4      | Reached * piety under Okawaru
  4824 | D:4      | Reached XP level 8. HP: 60/60 MP: 11/13
  5062 | D:6      | Noticed Sigmund
  5066 | D:6      | Killed Sigmund
  5095 | D:6      | Reached ** piety under Okawaru
  5204 | D:6      | Noticed Edmund
  5218 | D:6      | Killed Edmund
  5477 | D:6      | Reached XP level 9. HP: 65/65 MP: 16/16
  5783 | D:7      | Reached skill level 10 in Evocations
  5796 | D:7      | Reached *** piety under Okawaru
  6151 | D:7      | Found a shattered altar of Ashenzari.
  6478 | D:8      | Found Piereo's Assorted Antiques.
  6606 | D:8      | HP: 3/65 [killer bee (2)]
  6966 | D:8      | Reached skill level 1 in Invocations
  7256 | D:8      | Reached **** piety under Okawaru
  7256 | D:8      | Reached skill level 5 in Invocations
  7293 | D:8      | Reached XP level 10. HP: 10/72 MP: 15/18
  8019 | D:8      | Found a basalt altar of Yredelemnul.
  8019 | D:8      | Found a burning altar of Makhleb.
  8020 | D:8      | Found a shimmering altar of Xom.
  8337 | D:8      | Found a bloodstained altar of Trog.
  8423 | D:8      | Noticed Erica
  8431 | D:8      | Killed Erica
  8431 | D:8      | Received a gift from Okawaru
  8716 | D:9      | Found a bloodstained altar of Trog.
  9240 | D:9      | Noticed a two-headed ogre
  9249 | D:9      | Killed a two-headed ogre
  9249 | D:9      | Reached skill level 5 in Fighting
  9469 | D:9      | Paralysed by a hornet for 1 turns
  9518 | D:9      | Noticed a two-headed ogre
  9530 | D:9      | Killed a two-headed ogre
  9530 | D:9      | Reached ***** piety under Okawaru
  9530 | D:9      | Reached skill level 5 in Long Blades
 10272 | D:9      | Gained mutation: You have large cloven feet. [demonic ancestry]
 10272 | D:9      | Reached XP level 11. HP: 77/81 MP: 19/19
 10481 | D:10     | Entered Level 10 of the Dungeon
 10788 | D:10     | Noticed a death yak
 10789 | D:10     | Noticed a death yak
 10789 | D:10     | Noticed Joseph
 10794 | D:10     | Noticed a death yak
 10805 | D:10     | Killed a death yak
 10812 | D:10     | Killed a death yak
 10812 | D:10     | Reached skill level 5 in Dodging
 10825 | D:10     | Killed a death yak
 10847 | D:10     | Killed Joseph
 10848 | D:10     | Found a staircase to the Lair.
 11391 | D:10     | Found Jonnap's General Store.
 11440 | D:10     | Noticed an orange crystal statue
 11661 | D:10     | Received a gift from Okawaru
 11789 | D:11     | Found a frozen archway.
 11835 | IceCv    | Entered an ice cave
 12046 | IceCv    | Reached skill level 5 in Armour
 12698 | IceCv    | Gained mutation: A demonic guardian rushes to your aid. [demonic ancestry]
 12698 | IceCv    | Reached XP level 12. HP: 69/94 MP: 20/20
 12868 | IceCv    | Received a gift from Okawaru
 12972 | IceCv    | Noticed a frost giant
 12972 | IceCv    | Noticed a death yak
 12997 | IceCv    | Killed a death yak
 13369 | IceCv    | Killed a frost giant
 13390 | IceCv    | Identified the Collected Works on the Glacier
 13394 | IceCv    | Identified the Reference Book on the Viperous Traveller
 13398 | IceCv    | Got a transparent crystal plate armour
 13415 | IceCv    | Identified the +5 crystal plate armour of Proximity {rC+ Int-3 Dex+5} (You found it in an ice cave)
 13561 | D:11     | Found a staircase to the Orcish Mines.
 13562 | D:11     | Found a roughly hewn altar of Beogh.
 13820 | D:11     | Reached skill level 10 in Fighting
 14424 | D:12     | Reached ****** piety under Okawaru
 14440 | D:12     | Received a gift from Okawaru
 14610 | D:12     | Identified 3 scrolls of acquirement
 15104 | D:12     | Reached XP level 13. HP: 104/104 MP: 21/21
 16046 | D:12     | Got a pitted cloak
 16061 | D:12     | Identified the +2 cloak of Maxearph {+Blink rC- rCorr Dex+4} (You acquired it on level 12 of the Dungeon)
 16112 | D:13     | Received a gift from Okawaru
 16133 | D:13     | Got a warped hand axe
 16134 | D:13     | Identified the +4 hand axe "Camohiut" {chop, +Rage Dex+7} (You found it on level 13 of the Dungeon)
 16161 | D:13     | Noticed Azrael
 16593 | D:12     | Killed Azrael
 16755 | D:13     | Reached skill level 10 in Long Blades
 16827 | D:13     | Found Oxiutre's Antique Armour Shop.
 16836 | D:13     | Bought a pair of transparent boots for 275 gold pieces
 16846 | D:13     | Identified the cursed +0 pair of boots of the Orcish Mines {rN+ Str+8} (You bought it in a shop on level 13 of the Dungeon)
 17075 | D:13     | Identified the Disquisition on Unholy Arts and Confrontation
 17267 | D:13     | Paralysed by a floating eye for 4 turns
 17832 | D:14     | Received a gift from Okawaru
 19021 | D:14     | Gained mutation: You have hoof-like feet. [demonic ancestry]
 19021 | D:14     | Reached XP level 14. HP: 114/115 MP: 19/22
 19033 | D:14     | Found a gate to the Vaults.
 19182 | D:15     | Entered Level 15 of the Dungeon
 19423 | D:15     | Received a gift from Okawaru
 19426 | D:15     | Got a distressingly furry chain mail {god gift}
 19428 | D:15     | Identified the +6 chain mail of the Spider Nest {rF+ Regen+} (Okawaru gifted it to you on level 15 of the Dungeon)
 19465 | D:15     | Noticed Kirke
 19565 | D:15     | Killed Kirke
 19614 | D:15     | Found Noguijan's Magic Scroll Boutique.
 19628 | D:15     | Got a slimy trident
 19632 | D:15     | Identified the +7 trident of the King {pain, rElec rC+ Dex+3} (You found it on level 15 of the Dungeon)
 19827 | D:15     | Got a flickering steel ring
 19832 | D:15     | Identified the ring "Napoeryv" {Wiz *Slow +Fly MR+ MP+9} (You found it on level 15 of the Dungeon)
 19883 | D:15     | Found Menoan's Book Shop.
 19906 | D:15     | Noticed a stone giant
 19914 | D:15     | Killed a stone giant
 19998 | D:15     | Received a gift from Okawaru
 20003 | D:15     | Got a pair of heavily runed boots {god gift}
 20005 | D:15     | Identified the +0 pair of boots of the Hanged Man {rC+ MR+ Dex-2} (Okawaru gifted it to you on level 15 of the Dungeon)
 20010 | D:15     | Got a brightly glowing lapis lazuli ring
 20012 | D:15     | Identified the ring "Ofoun" {Wiz rF+} (You found it on level 15 of the Dungeon)
 20025 | D:15     | Found Humnis's Food Shoppe.
 20073 | D:15     | Paralysed by a floating eye for 3 turns
 20188 | D:15     | Got a brightly glowing wooden ring
 20207 | D:15     | Noticed a fire giant
 20219 | D:15     | Killed a fire giant
 20321 | D:15     | Gained mutation: You are mostly covered in sharp spines. [demonic ancestry]
 20321 | D:15     | Reached XP level 15. HP: 103/124 MP: 23/23
 20369 | D:15     | Noticed a frost giant
 20855 | D:14     | Killed a frost giant
 21138 | D:15     | Found a staircase to the Depths.
 21139 | D:15     | Noticed a frost giant
 21153 | D:15     | Killed a frost giant
 21254 | D:15     | Bought a scroll of fog for 20 gold pieces
 21254 | D:15     | Bought a scroll of identify for 20 gold pieces
 21257 | D:15     | Identified the ring "Bobrukk" {Dex+4 SInv} (You found it on level 15 of the Dungeon)
 21377 | Lair:1   | Entered Level 1 of the Lair of Beasts
 21457 | D:13     | Got a polished crystal plate armour {god gift}
 21566 | Lair:1   | Identified the +0 crystal plate armour of Responsibility {Dex+2} (Okawaru gifted it to you on level 13 of the Dungeon)
 21623 | Lair:1   | Noticed 0nlyNaCj's ghost (journeyman NaCj)
 21640 | Lair:1   | Killed 0nlyNaCj's ghost
 22244 | Lair:1   | Gained mutation: You are resistant to hostile enchantments. (MR+) [potion of beneficial mutation]
 22548 | Lair:2   | Noticed Nergalle
 22553 | Lair:2   | Killed Nergalle
 22561 | Lair:2   | Identified the ring "Foptyq" {rF- EV+2 Dex+5} (You found it on level 2 of the Lair of Beasts)
 22616 | Lair:2   | Found a staircase to the Shoals.
 22754 | Lair:2   | Received a gift from Okawaru
 23497 | Lair:3   | Found a hole to the Spider Nest.
 23664 | Lair:3   | Reached skill level 10 in Dodging
 24573 | Lair:4   | Noticed Harold
 24584 | Lair:4   | Killed Harold
 24584 | Lair:4   | Received a gift from Okawaru
 26107 | Lair:5   | Found a bloodstained altar of Trog.
 26189 | Lair:5   | Found a staircase to the Slime Pits.
 26418 | Lair:5   | Reached skill level 10 in Armour
 26613 | Lair:6   | Entered Level 6 of the Lair of Beasts
 26659 | Lair:6   | Received a gift from Okawaru
 26667 | Lair:6   | Got a translucent great sword {god gift}
 26721 | Lair:6   | Noticed ktulu8bugs's ghost (journeyman FoEE)
 26741 | Lair:6   | Killed ktulu8bugs's ghost
 26747 | Lair:6   | Identified the +5 great sword of the Warrior-Mage {slice, rF+ Int+3 Dex+3 Stlth+} (Okawaru gifted it to you on level 6 of the Lair of Beasts)
 26937 | Lair:6   | Gained mutation: You have hooves in place of feet. [demonic ancestry]
 26937 | Lair:6   | Reached XP level 16. HP: 117/134 MP: 24/24
 27042 | Lair:6   | Got a dazzling triple sword
 27048 | Lair:6   | Identified the +6 triple sword "Embalmer" {vamp, rC+} (You found it on level 6 of the Lair of Beasts)
 27248 | Lair:6   | Noticed xodahs's ghost (journeyman OgWz)
 27258 | Lair:6   | Killed xodahs's ghost
 27385 | Lair:6   | Received a gift from Okawaru
 28129 | Orc:1    | Entered Level 1 of the Orcish Mines
 28491 | Orc:1    | Found Omeosop's Weapon Emporium.
 28756 | Orc:2    | Entered Level 2 of the Orcish Mines
 29664 | Orc:2    | Found a staircase to the Elven Halls.
 29846 | Orc:2    | Found Hutoucao's General Store.
 29847 | Orc:2    | Found Urireliy's Book Shoppe.
 29848 | Orc:2    | Found Obisamax's Antique Armour Shoppe.
 29848 | Orc:2    | Found Qixtu's Antique Weapon Emporium.
 30261 | D:13     | Bought a faintly humming shield for 275 gold pieces
 30264 | D:13     | Identified the +5 shield of the Carpenter {rPois Dex+4} (You bought it in a shop on level 13 of the Dungeon)
 30419 | Shoals:1 | Entered Level 1 of the Shoals
 30448 | Shoals:1 | Noticed a kraken
 30463 | Shoals:1 | Killed a kraken
 30463 | Shoals:1 | Reached skill level 3 in Shields
 30491 | Shoals:1 | Found Eshrifut's General Store.
 30504 | Shoals:1 | Found Ususiofedgh's Magic Scroll Shop.
 30519 | Shoals:1 | Found Qymyss's Gadget Boutique.
 30580 | Shoals:1 | Found Yfriatzi's Assorted Antiques.
 30586 | Shoals:1 | Found a flickering gateway to a bazaar.
 30595 | Bazaar   | Entered a bazaar
 30595 | Bazaar   | Found Gurokhleu's Armour Shoppe.
 30595 | Bazaar   | Found Koukka's Antique Armour Shoppe.
 30595 | Bazaar   | Found Sasauff's Food Emporium.
 30595 | Bazaar   | Found Ezekolik's Armour Emporium.
 30595 | Bazaar   | Found Vuwnid's Weapon Shoppe.
 30624 | Bazaar   | Bought a bread ration for 30 gold pieces
 30624 | Bazaar   | Bought a meat ration for 30 gold pieces
 30624 | Bazaar   | Bought a bread ration for 30 gold pieces
 30624 | Bazaar   | Bought a meat ration for 30 gold pieces
 30624 | Bazaar   | Bought a meat ration for 30 gold pieces
 30624 | Bazaar   | Bought a meat ration for 30 gold pieces
 30624 | Bazaar   | Bought a meat ration for 30 gold pieces
 30636 | Bazaar   | Bought a +2 pair of gloves of strength for 301 gold pieces
 30649 | Bazaar   | Bought a bloodstained scale mail for 144 gold pieces
 30649 | Bazaar   | Bought the +3 warlock's mirror {reflect} for 640 gold pieces
 30650 | Bazaar   | Identified the cursed +1 scale mail of Maiclaske {-Tele rCorr SInv} (You bought it in a shop in a bazaar)
 30696 | Shoals:1 | Reached skill level 4 in Shields
 30718 | Shoals:1 | Bought a scroll of identify for 74 gold pieces
 30718 | Shoals:1 | Bought a potion of haste for 370 gold pieces
 30718 | Shoals:1 | Bought a scroll of magic mapping for 129 gold pieces
 30718 | Shoals:1 | Gained mutation: You evolve. [potion of mutation]
 30718 | Shoals:1 | Gained mutation: Your spells are a little easier to cast, but a little less powerful. [potion of mutation]
 30718 | Shoals:1 | Gained mutation: You possess an exceptional clarity of mind. [potion of mutation]
 30750 | Shoals:1 | Learned a level 9 spell: Tornado
 30771 | Shoals:1 | Bought a scroll of identify for 30 gold pieces
 30771 | Shoals:1 | Bought a scroll of identify for 30 gold pieces
 30771 | Shoals:1 | Bought a scroll of identify for 30 gold pieces
 30771 | Shoals:1 | Bought a scroll of identify for 30 gold pieces
 31181 | Shoals:1 | Gained mutation: You are agile. (Dex +2) [evolution]
 31499 | Shoals:2 | Reached skill level 5 in Shields
 31716 | Shoals:2 | Reached skill level 6 in Shields
 31891 | Shoals:2 | Received a gift from Okawaru
 31962 | Shoals:2 | Reached skill level 7 in Shields
 32849 | Shoals:3 | Reached skill level 8 in Shields
 32935 | Shoals:3 | Gained mutation: You are mostly covered in iridescent scales. (AC +4) [demonic ancestry]
 32935 | Shoals:3 | Reached XP level 17. HP: 48/140 MP: 25/25
 33589 | Shoals:4 | Entered Level 4 of the Shoals
 33615 | Shoals:4 | Reached skill level 9 in Shields
 33854 | Shoals:4 | Identified the +10 great sword of Xaofog {vamp, Fragile rElec Str+6 Int+3} (You found it on level 4 of the Shoals)
 33899 | Shoals:4 | Received a gift from Okawaru
 33919 | Shoals:4 | Got a jewelled falchion {god gift}
 33920 | Shoals:4 | Identified the +9 falchion "Undertaker" {antimagic, Int+5 Dex-5} (Okawaru gifted it to you on level 4 of the Shoals)
 34050 | Shoals:4 | Noticed Donald
 34068 | Shoals:4 | Killed Donald
 34068 | Shoals:4 | Reached skill level 10 in Shields
 34562 | Shoals:4 | Got a barnacled rune of Zot
 34686 | Shoals:4 | Reached skill level 11 in Shields
 34719 | Shoals:4 | Noticed Ilsuiw
 34732 | Shoals:4 | Killed Ilsuiw
 35063 | Shoals:4 | Noticed Louise
 35084 | Shoals:4 | Banished Louise
 35137 | Shoals:4 | Reached skill level 12 in Shields
 35997 | Spider:1 | Entered Level 1 of the Spider Nest
 36173 | D:11     | Received a gift from Okawaru
 36519 | Spider:1 | Reached skill level 13 in Shields
 37431 | Spider:2 | Gained mutation: A powerful demonic guardian rushes to your aid. [demonic ancestry]
 37431 | Spider:2 | Reached XP level 18. HP: 147/147 MP: 26/26
 37932 | Spider:2 | You fall through a shaft!
 37977 | Spider:3 | Noticed Arachne
 37988 | Spider:3 | Killed Arachne
 37988 | Spider:3 | Reached skill level 14 in Shields
 38526 | Spider:3 | Lost mutation: Your spells are a little easier to cast, but a little less powerful. [evolution]
 38892 | Spider:4 | Entered Level 4 of the Spider Nest
 39308 | Spider:4 | Received a gift from Okawaru
 39312 | Spider:4 | Reached skill level 15 in Shields
 40509 | Spider:4 | Noticed Asterion
 40519 | Spider:4 | Killed Asterion
 41078 | Spider:4 | Reached skill level 16 in Shields
 41668 | Spider:4 | Received a gift from Okawaru
 41683 | Spider:4 | Got a gossamer rune of Zot
 41949 | Vaults:1 | Entered Level 1 of the Vaults
 42104 | Vaults:1 | Reached skill level 1 in Spellcasting
 42312 | Vaults:1 | Reached skill level 1 in Air Magic
 42583 | Vaults:1 | Reached XP level 19. HP: 150/153 MP: 27/27
 42609 | Vaults:1 | Reached skill level 5 in Spellcasting
 43298 | Vaults:1 | Reached skill level 5 in Air Magic
 43727 | Vaults:2 | Found a radiant altar of Vehumet.
 44738 | Vaults:2 | Learned a level 6 spell: Statue Form
 44830 | Vaults:2 | Reached skill level 1 in Transmutations
 44830 | Vaults:2 | Reached skill level 1 in Earth Magic
 44945 | Vaults:2 | Received a gift from Okawaru
 45064 | Vaults:2 | Noticed Jorgrun
 45072 | Vaults:2 | Killed Jorgrun
 45197 | Vaults:2 | Lost mutation: You possess an exceptional clarity of mind. [evolution]
 45197 | Vaults:2 | Lost mutation: You evolve. [end of evolution]
 46333 | Vaults:2 | Found a staircase to the Crypt.
 46515 | Vaults:2 | Reached skill level 10 in Spellcasting
 46517 | Vaults:2 | Received a gift from Okawaru
 47084 | Vaults:2 | Gained mutation: You are completely covered in iridescent scales. (AC +6) [demonic ancestry]
 47084 | Vaults:2 | Reached XP level 20. HP: 155/160 MP: 34/34
 47458 | Vaults:3 | Reached skill level 5 in Earth Magic
 47539 | Vaults:3 | Reached skill level 5 in Transmutations
 47551 | Vaults:3 | Received a gift from Okawaru
 47554 | Vaults:3 | Identified the +6 large shield of Music {rCorr} (Okawaru gifted it to you on level 3 of the Vaults)
 49428 | Vaults:3 | Received a gift from Okawaru
 50601 | Vaults:4 | Received a gift from Okawaru
 50610 | Vaults:4 | Identified the +0 pair of gloves "Vauperream" {+Blink rPois rC- Str+6} (Okawaru gifted it to you on level 4 of the Vaults)
 51470 | Vaults:4 | Reached XP level 21. HP: 166/166 MP: 36/36
 51755 | Vaults:5 | Entered Level 5 of the Vaults
 51783 | Vaults:5 | Noticed a golden dragon
 51790 | Vaults:5 | Killed a golden dragon
 51870 | Vaults:5 | Noticed a golden dragon
 51888 | Vaults:5 | Received a gift from Okawaru
 51889 | Vaults:5 | Killed from afar by a titan

Vault maps used:
D:1:      sevenhm_arrival_forest_fort_small_3
D:3:      minmay_diamond_boxcup, good_gods_temple_1
D:4:      minmay_temple_entry_enclosed_plants, first_bread
D:5:      elyvilon_altar_3
D:6:      uniq_sigmund, uniq_edmund
D:7:      ashenzari_altar_1, the_bakery
D:8:      nicolae_overflow_hidden_temple, serial_shops, shop,
          kennysheep_generic_room_8, uniq_erica
D:9:      basic_altar
D:10:     dpeg_lair_monsters, serial_shops, nicolae_shop_behind_doors,
          minmay_statue_bubble, uniq_joseph
D:11:     david_orc_5, serial_ice, serial_ice_j, serial_ice_d, serial_ice_e,
          serial_ice_m, serial_ice_c, serial_ice_h, serial_ice_n,
          portal_ice_cave_entry_imps, minmay_misc_feat_nine_boxes
D:12:     minmay_unpleasant_kobolds
D:13:     cheibrodos_hippocracy, serial_shops, nicolae_shop_window_shopping,
          uniq_azrael
D:14:     david_vaults_5, hex_medium
D:15:     hangedman_spin_cycle
Temple:   minmay_temple_forest_path
Lair:1:   roderic_batcave, infiniplex_staircase_pool_2, serial_bayou_shore_b,
          lemuel_fruit_tree
Lair:2:   shoals_dummy_entry, uniq_nergalle
Lair:3:   spider_nest_entry_webs, infiniplex_staircase_pool
Lair:4:   uniq_harold
Lair:5:   dpeg_slime_entry_corner, basic_altar
Lair:6:   minmay_lair_end_enchanted_forest, eino_small_chamber_without_monster,
          grunt_forest_large_clearing_hut
Shoals:1: serial_shops, bzr_entry_water, shop, shop_statue, shop_fountains,
          shop, nicolae_shoals_this_corrosion
Shoals:3: uniq_kirke
Shoals:4: shoals_end_hangedman, shoal_ilsuiw, nicolae_shoals_hunting_party,
          uniq_donald, uniq_louise
Spider:2: nicolae_orb_stairs
Spider:3: uniq_arachne
Spider:4: grunt_spider_rune_circles, spider_trap,
          hangedman_spider_tarantella_strand, uniq_asterion
Orc:1:    serial_shops, shop_fountains
Orc:2:    st_orc_congregation
Vaults:1: nicolae_vaults_circle_grid_b, nicolae_vaults_alarming, v_misc_29,
          nicolae_vaults_network_quincunx, ontoclasm_vaults_hangar,
          ontoclasm_vaults_decontamination, hangedman_vaults_locks,
          ontoclasm_vaults_eye, vaults_room_grunt_arrival_checkpoint,
          st_spiral_rooms
Vaults:2: vaults_room_door_hall, minmay_crypt_entry_vampire_xt,
          ontoclasm_vaults_spin, v_misc_13, hangedman_vaults_stream,
          hangedman_vaults_unwind, nicolae_vaults_network_periphery, v_misc_10,
          vaults_room_hangedman_quadrants, vaults_room_grid,
          nicolae_vaults_circle_grid_a, nicolae_vaults_little_squares_1,
          basic_altar, uniq_jorgrun
Vaults:3: v_pattern_2, v_misc_18, v_rooms_2, v_misc_5, hangedman_vaults_pinch,
          v_alt_pattern_2, grunt_vaults_diagonal
Vaults:4: v_misc_33, nicolae_vaults_theta, vaults_dpeg_ring,
          hangedman_vaults_snaps, nicolae_vaults_yaktaur_gun_rack, v_misc_11
Bazaar:   bazaar_minmay_row
IceCv:    ice_cave_caverns_03

Skill      XL: |  1  2  3  4  5  6  7  8  9 10 11 12 13 14 15 16 17 18 19 20 21 |
---------------+----------------------------------------------------------------+-----
Long Blades    | 2 3 5 7 9 11 12 13 14 | 14.9
Dodging        | 1 2 3 4 6 7 8 9 10 | 10.6
Fighting       | 4 5 8 10 12 13 14 | 14.6
Evocations     | 3 7 9 11 | 11.7
Invocations    | 6 9 |  9.3
Armour         | 4 5 6 7 8 10 | 10.3
Shields        | 8 13 16 | 16.4
Spellcasting   | 3 10 11 12 | 12.1
Air Magic      | 2 7 8 9 |  9.2
Transmutations | 4 8 9 |  9.2
Earth Magic    | 4 8 9 |  9.3

Action                   |  1- 3 |  4- 6 |  7- 9 | 10-12 | 13-15 | 16-18 | 19-21 || total
-------------------------+-------+-------+-------+-------+-------+-------+-------++-------
Melee: Long sword        |    67 |       |       |       |       |       |       ||    67
       Dagger            |     4 |    45 |       |       |       |       |       ||    49
       Falchion          |       |    89 |       |       |       |       |       ||    89
       Flail             |       |    41 |   160 |     5 |       |       |       ||   206
       Halberd           |       |     3 |       |       |       |       |       ||     3
       Scimitar          |       |       |    60 |   729 |  1107 |  1278 |  1096 ||  4270
       Punch             |       |       |     3 |     5 |       |       |       ||     8
       Unarmed           |       |       |       |       |     1 |       |       ||     1
       Hand axe          |       |       |       |       |     9 |       |       ||     9
       Kick              |       |       |       |       |       |   952 |   744 ||  1696
       Triple sword      |       |       |       |       |       |   179 |       ||   179
       Great sword       |       |       |       |       |       |    15 |       ||    15
Invok: Heroism           |       |       |    10 |    32 |    52 |    69 |    28 ||   191
       Finesse           |       |       |       |     2 |       |     5 |     3 ||    10
 Abil: Evoke Berserk Rag |       |       |     1 |       |     1 |       |       ||     2
       Evoke Flight      |       |       |       |       |       |    11 |       ||    11
Evoke: Wand              |       |       |       |     2 |       |    12 |       ||    14
  Use: Scroll            |       |     3 |       |    19 |    18 |    21 |     6 ||    67
       Potion            |       |       |     1 |     3 |     6 |    11 |     3 ||    24
 Stab: Distracted        |       |       |     2 |     4 |     6 |     6 |    11 ||    29
       Invisible         |       |       |       |       |       |    12 |       ||    12
       Held in net/web   |       |       |       |       |       |     2 |       ||     2
  Eat: Chunk             |     1 |     9 |     9 |    25 |    44 |    62 |    30 ||   180
       Royal jelly       |       |       |     1 |       |     2 |       |       ||     3
       Fruit             |       |       |       |     4 |     2 |       |       ||     6
       Bread ration      |       |       |       |       |     1 |       |       ||     1
Armor: Scale mail        |    39 |    56 |   112 |   186 |       |       |       ||   393
       Crystal plate arm |       |       |       |   160 |   642 |  1069 |   515 ||  2386
Dodge: Dodged            |    27 |    64 |   142 |   297 |   558 |   730 |   477 ||  2295
Block: Shield            |    35 |    61 |       |   193 |       |    92 |       ||   381
       Buckler           |       |       |       |    15 |   512 |   929 |   759 ||  2215
       Reflection        |       |       |       |       |    27 |    48 |    67 ||   142
       Rpst.: Long sword |     8 |       |       |       |       |       |       ||     8
       Falchion          |       |     4 |       |       |       |       |       ||     4
       Scimitar          |       |       |     5 |    85 |   133 |   122 |    98 ||   443
       Triple sword      |       |       |       |       |       |    20 |       ||    20
       Great sword       |       |       |       |       |       |     1 |       ||     1
